AA
BAKERSFIELD OTTERS @ SIOUX CITY EXPLORERS
06/04/2098
 
TOP OF THE 1ST
Winnipeg Goldeyes batting - Pitching for Medford Alouettes : RHP Edwin Franco
Pitching: RHP Edwin Franco
Batting: RHB Hector Guerra 0-0: Called Strike
0-1: Swinging Strike
0-2: Foul Ball, location: 5DF
0-2: Foul Ball, location: 9LDF
0-2: Foul Ball, location: 2F
0-2: Foul Ball, location: 5DF
0-2: Ball
1-2: Ball
2-2: SINGLE (Groundball, 34D, EV 110.0 MPH)
Batting: LHB Chris Kowalski 0-0: Ball
1-0: Ball
2-0: Foul Ball, location: 3FF
2-1: SINGLE (Groundball, 13S, EV 69.4 MPH) (infield hit)
Hector Guerra to second
Batting: RHB Danny Adams 0-0: Ball
1-0: Ball
2-0: Called Strike
2-1: Ball
3-1: Called Strike
3-2: Base on Balls
Hector Guerra to third
Chris Kowalski to second
Batting: RHB Tom Holloway 0-0: Ball
1-0: Ball
2-0: Ball
3-0: SINGLE (Line Drive, 4D, EV 103.8 MPH)
Hector Guerra scores
Chris Kowalski to third
Danny Adams to second
Runner from 3rd tries for Home, SAFE, throw by CF to home
Danny Adams to third
Tom Holloway to second
Batting: SHB Joey McClintick 0-0: Called Strike
0-1: DOUBLE (Flyball, 78D, EV 100.6 MPH)
Danny Adams scores
Tom Holloway scores
Batting: RHB Roland Bitts 0-0: Ball
1-0: Ball
2-0: Ball
3-0: Called Strike
3-1: Called Strike
3-2: Base on Balls
Batting: SHB Juan Iturralde 0-0: Ball
1-0: Ball
2-0: Fly out, F9 (Flyball, 89S, EV 80.0 MPH)
Batting: RHB Willie Araujo 0-0: Ball
1-0: Ball
2-0: Called Strike
2-1: 3-RUN HOME RUN (Flyball, 7D, EV 93.8 MPH), Distance : 351 ft
Batting: RHB Franklin Munoz 0-0: Called Strike
0-1: Foul Ball, location: 3F
0-2: Ground out U3 (Groundball, 13, EV 80.0 MPH)
Batting: RHB Hector Guerra 0-0: Ball
1-0: Called Strike
1-1: Ball
2-1: Ball
3-1: Base on Balls
Batting: LHB Chris Kowalski 0-0: Ball
1-0: Ball
2-0: Ball
3-0: Base on Balls
Hector Guerra to second
Pitching: RHP Kevin Huddleston
Batting: RHB Danny Adams 0-0: Ball
1-0: Fly out, F9 (Flyball, 89S, EV 73.8 MPH)
Top of the 1st over - 7 runs, 5 hits, 0 errors, 2 left on base; Winnipeg 7 - Medford 0
BOTTOM OF THE 1ST
Medford Alouettes batting - Pitching for Winnipeg Goldeyes : RHP Lawrence Brocklebank
Pitching: RHP Lawrence Brocklebank
Batting: RHB Omar Sosa 0-0: Called Strike
0-1: Ball
1-1: Ball
2-1: Ball
3-1: Base on Balls
Batting: RHB Bobby Parrish 0-0: Ball
1-0: Ball
2-0: Called Strike
2-1: Foul Ball, location: 2F
2-2: Ball
3-2: Foul Ball, location: 2F
3-2: Foul Ball, location: 2F
3-2: Strikes out swinging
Batting: RHB Peter Pinard 0-0: Ball
1-0: Ball
Omar Sosa is caught stealing 2nd base 2-4
2-0: Foul Ball, location: 2F
2-1: Called Strike
2-2: Foul Ball, location: 3FF
2-2: Foul Ball, location: 23F
2-2: Foul Ball, location: 2F
2-2: SINGLE (Line Drive, 9LS, EV 96.3 MPH)
Batting: RHB Brandon Murray 0-0: Called Strike
0-1: Swinging Strike
0-2: Foul Ball, location: 5FF
0-2: Foul Ball, location: 25F
0-2: Ball
1-2: Fly out, F9 (Flyball, 9S, EV 93.8 MPH)
Bottom of the 1st over - 0 runs, 1 hit, 0 errors, 1 left on base; Winnipeg 7 - Medford 0
TOP OF THE 2ND
Winnipeg Goldeyes batting - Pitching for Medford Alouettes : RHP Kevin Huddleston
Batting: RHB Tom Holloway 0-0: Called Strike
0-1: Ball
1-1: SINGLE (Line Drive, 7S, EV 106.9 MPH)
Batting: SHB Joey McClintick 0-0: Fielders Choice at 2nd, 3-6 (Groundball, 34, EV 89.4 MPH)
Batting: RHB Roland Bitts 0-0: Ball
1-0: Fly out, F6 (Popup, 6, EV 59.4 MPH)
Batting: SHB Juan Iturralde 0-0: Ball
1-0: Called Strike
1-1: Ball
2-1: Called Strike
2-2: Ball
3-2: Fly out, F6 (Line Drive, 6, EV 75.6 MPH)
Top of the 2nd over - 0 runs, 1 hit, 0 errors, 1 left on base; Winnipeg 7 - Medford 0
BOTTOM OF THE 2ND
Medford Alouettes batting - Pitching for Winnipeg Goldeyes : RHP Lawrence Brocklebank
Batting: RHB Zion Cummings 0-0: Ball
1-0: Swinging Strike
1-1: Fly out, F9 (Flyball, 89M, EV 83.8 MPH)
Batting: RHB Allen Woodall 0-0: Ball
1-0: DOUBLE (Groundball, 5L, EV 101.9 MPH)
Batting: LHB Danny Adame 0-0: Ball
1-0: Ground out 4-3 (Groundball, 4, EV 90.6 MPH)
Allen Woodall to third
Batting: RHB Pablo Felix 0-0: Fly out, F9 (Flyball, 89M, EV 80.6 MPH)
Bottom of the 2nd over - 0 runs, 1 hit, 0 errors, 1 left on base; Winnipeg 7 - Medford 0
TOP OF THE 3RD
Winnipeg Goldeyes batting - Pitching for Medford Alouettes : RHP Kevin Huddleston
Batting: RHB Willie Araujo 0-0: Ball
1-0: SINGLE (Flyball, 4MD, EV 83.8 MPH)
Batting: RHB Franklin Munoz 0-0: Foul Ball, location: 2RF
0-1: Ball
1-1: Ball
2-1: Fly out, F8 (Flyball, 8LD, EV 88.8 MPH)
Batting: RHB Hector Guerra 0-0: Foul Ball, location: 9LDF
0-1: Fly out, F9 (Flyball, 89D, EV 97.5 MPH)
Batting: LHB Chris Kowalski 0-0: Called Strike
0-1: Foul Ball, location: 9LSF
0-2: Ball
1-2: Fly out, F8 (Flyball, 8LD, EV 98.8 MPH)
Top of the 3rd over - 0 runs, 1 hit, 0 errors, 1 left on base; Winnipeg 7 - Medford 0
BOTTOM OF THE 3RD
Medford Alouettes batting - Pitching for Winnipeg Goldeyes : RHP Lawrence Brocklebank
Batting: RHB Chris Armstrong 0-0: Ball
1-0: Foul Ball, location: 2F
1-1: Called Strike
1-2: Foul Ball, location: 5FF
1-2: Fly out, F7 (Flyball, 7LM, EV 93.1 MPH)
Batting: RHB Omar Sosa 0-0: Called Strike
0-1: Fly out, F8 (Flyball, 8RD, EV 105.0 MPH)
Batting: RHB Bobby Parrish 0-0: Called Strike
0-1: Foul Ball, location: 2F
0-2: Strikes out swinging
Bottom of the 3rd over - 0 runs, 0 hits, 0 errors, 0 left on base; Winnipeg 7 - Medford 0
TOP OF THE 4TH
Winnipeg Goldeyes batting - Pitching for Medford Alouettes : RHP Kevin Huddleston
Batting: RHB Danny Adams 0-0: Ball
1-0: Ball
2-0: Called Strike
2-1: Hit by Pitch
Batting: RHB Tom Holloway 0-0: Called Strike
0-1: Ball
1-1: Called Strike
1-2: Ground out 6-3 (Groundball, P, EV 86.9 MPH)
Danny Adams to second
Pitching: LHP Thomas Hughes
Batting: SHB Joey McClintick 0-0: Ball
1-0: Ball
2-0: Ball
3-0: Called Strike
3-1: Foul Ball, location: 2F
3-2: Strikes out swinging
Batting: RHB Roland Bitts 0-0: Ball
1-0: Swinging Strike
1-1: Ball
2-1: Fly out, F5 (Line Drive, 56, EV 75.0 MPH)
Top of the 4th over - 0 runs, 0 hits, 0 errors, 1 left on base; Winnipeg 7 - Medford 0
BOTTOM OF THE 4TH
Medford Alouettes batting - Pitching for Winnipeg Goldeyes : RHP Lawrence Brocklebank
Batting: RHB Peter Pinard 0-0: Called Strike
0-1: Foul Ball, location: 2F
0-2: Ball
1-2: SINGLE (Groundball, 6MD, EV 103.1 MPH)
Batting: RHB Brandon Murray 0-0: Called Strike
0-1: Ball
1-1: Called Strike
1-2: Foul Ball, location: 2F
1-2: Strikes out swinging
Batting: RHB Zion Cummings 0-0: Ball
1-0: Ball
2-0: Called Strike
2-1: Ball
3-1: Swinging Strike
3-2: SINGLE (Flyball, 5D, EV 89.4 MPH)
Peter Pinard to second
Batting: RHB Allen Woodall 0-0: 3-RUN HOME RUN (Line Drive, 78XD, EV 103.1 MPH), Distance : 409 ft
Batting: LHB Danny Adame 0-0: Called Strike
0-1: Fly out, F4 (Line Drive, 4M, EV 68.8 MPH)
Batting: RHB Pablo Felix 0-0: Called Strike
0-1: Foul Ball, location: 9LMF
0-2: Ball
1-2: Ball
2-2: Ball
3-2: Foul Ball, location: 2F
3-2: Base on Balls
Batting: RHB Chris Armstrong 0-0: Foul Ball, location: 2F
0-1: Swinging Strike
0-2: Foul Ball, location: 2F
0-2: Ball
1-2: Ground out 1-3 (Groundball, 15S, EV 73.1 MPH)
Bottom of the 4th over - 3 runs, 3 hits, 0 errors, 1 left on base; Winnipeg 7 - Medford 3
TOP OF THE 5TH
Winnipeg Goldeyes batting - Pitching for Medford Alouettes : LHP Thomas Hughes
Batting: SHB Juan Iturralde 0-0: Called Strike
0-1: Swinging Strike
0-2: Strikes out looking
Batting: RHB Willie Araujo 0-0: Ball
1-0: Foul Ball, location: 2F
1-1: Ball
2-1: Ball
3-1: Foul Ball, location: 2F
3-2: Strikes out swinging
Batting: RHB Franklin Munoz 0-0: Foul Ball, location: 3SF
0-1: Ball
1-1: Ground out 5-3 (Groundball, 56, EV 85.0 MPH)
Top of the 5th over - 0 runs, 0 hits, 0 errors, 0 left on base; Winnipeg 7 - Medford 3
BOTTOM OF THE 5TH
Medford Alouettes batting - Pitching for Winnipeg Goldeyes : RHP Lawrence Brocklebank
Batting: RHB Omar Sosa 0-0: Ball
1-0: Swinging Strike
1-1: Swinging Strike
1-2: Ball
2-2: Foul Ball, location: 5F
2-2: Ball
3-2: Ground out 6-3 (Groundball, 6M, EV 100.6 MPH)
Batting: RHB Bobby Parrish 0-0: Called Strike
0-1: Foul Ball, location: 2F
0-2: Strikes out swinging
Batting: RHB Peter Pinard 0-0: Called Strike
0-1: Ball
1-1: Ball
2-1: Foul Ball, location: 3FF
2-2: Foul Ball, location: 5FF
2-2: Ball
3-2: Foul Ball, location: 9LSF
3-2: Strikes out swinging
Bottom of the 5th over - 0 runs, 0 hits, 0 errors, 0 left on base; Winnipeg 7 - Medford 3
TOP OF THE 6TH
Winnipeg Goldeyes batting - Pitching for Medford Alouettes : LHP Thomas Hughes
Batting: RHB Hector Guerra 0-0: Ball
1-0: Ball
2-0: Called Strike
2-1: Ball
3-1: Base on Balls
Batting: LHB Chris Kowalski 0-0: Foul Ball, location: 2F
0-1: Swinging Strike
0-2: Fly out, F8 (Flyball, 8LD, EV 106.3 MPH)
Batting: RHB Danny Adams 0-0: Ball
1-0: Swinging Strike
1-1: Foul Ball, location: 2F
1-2: Strikes out swinging
Batting: RHB Tom Holloway 0-0: Ball
1-0: Swinging Strike
1-1: Foul Ball, location: 9LMF
1-2: Strikes out looking
Top of the 6th over - 0 runs, 0 hits, 0 errors, 1 left on base; Winnipeg 7 - Medford 3
BOTTOM OF THE 6TH
Medford Alouettes batting - Pitching for Winnipeg Goldeyes : RHP Lawrence Brocklebank
Pitching: RHP Manny Flores
Batting: RHB Brandon Murray 0-0: Fly out, F8 (Line Drive, 8RD, EV 88.1 MPH)
Batting: RHB Zion Cummings 0-0: Called Strike
0-1: Ground out 6-3 (Groundball, 6, EV 81.3 MPH)
Batting: RHB Allen Woodall 0-0: Ball
1-0: Foul Ball, location: 23F
1-1: Ball
2-1: Called Strike
2-2: Ground out U3 (Groundball, 3S, EV 84.4 MPH)
Bottom of the 6th over - 0 runs, 0 hits, 0 errors, 0 left on base; Winnipeg 7 - Medford 3
TOP OF THE 7TH
Winnipeg Goldeyes batting - Pitching for Medford Alouettes : LHP Thomas Hughes
Pitching: RHP Adam Hunter
Batting: SHB Joey McClintick 0-0: Called Strike
0-1: Ball
1-1: Ground out 6-3 (Groundball, 6, EV 81.3 MPH)
Batting: RHB Roland Bitts 0-0: Ball
1-0: Ball
2-0: Ball
3-0: Called Strike
3-1: Called Strike
3-2: Fly out, F5 (Line Drive, 5L, EV 63.1 MPH)
Batting: SHB Juan Iturralde 0-0: Ball
1-0: Called Strike
1-1: Foul Ball, location: 9LSF
1-2: Ball
2-2: Ground out 3-1 (Groundball, 34S, EV 80.0 MPH)
Top of the 7th over - 0 runs, 0 hits, 0 errors, 0 left on base; Winnipeg 7 - Medford 3
BOTTOM OF THE 7TH
Medford Alouettes batting - Pitching for Winnipeg Goldeyes : RHP Manny Flores
Batting: LHB Danny Adame 0-0: Called Strike
0-1: Swinging Strike
0-2: Strikes out swinging
Batting: RHB Pablo Felix 0-0: SOLO HOME RUN (Flyball, 78XD, EV 106.3 MPH), Distance : 397 ft
Batting: RHB Chris Armstrong 0-0: Ball
1-0: Called Strike
1-1: Foul Ball, location: 2F
1-2: Foul Ball, location: 2F
1-2: Foul Ball, location: 23FF
1-2: Foul Ball, location: 2F
1-2: Foul Ball, location: 2F
1-2: Ball
2-2: Foul Ball, location: 9LMF
2-2: Ball
3-2: Foul Ball, location: 2F
3-2: Foul Ball, location: 23F
3-2: Fly out, F9 (Flyball, 89M, EV 90.0 MPH)
Batting: RHB Omar Sosa 0-0: Ball
1-0: Ball
2-0: Ball
3-0: Called Strike
3-1: Base on Balls
Pitching: RHP T.J. Campbell
Batting: RHB Bobby Parrish 0-0: Ball
1-0: Fly out, F8 (Flyball, 8LXD, EV 104.4 MPH)
Bottom of the 7th over - 1 run, 1 hit, 0 errors, 1 left on base; Winnipeg 7 - Medford 4
TOP OF THE 8TH
Winnipeg Goldeyes batting - Pitching for Medford Alouettes : RHP Adam Hunter
Batting: RHB Willie Araujo 0-0: Called Strike
0-1: Ball
1-1: Foul Ball, location: 2F
1-2: Ball
2-2: Foul Ball, location: 25F
2-2: Ball
3-2: DOUBLE (Line Drive, 5D, EV 96.3 MPH)
Batting: RHB Franklin Munoz 0-0: Ball
1-0: Foul Ball, location: 2F
1-1: Ball
2-1: Called Strike
2-2: Foul Ball, location: 2RF
2-2: Strikes out swinging
Batting: RHB Hector Guerra 0-0: Ball
1-0: Ball
2-0: Ball
3-0: Called Strike
3-1: SINGLE (Groundball, 6MD, EV 101.3 MPH)
Willie Araujo to third
Pitching: RHP Jordan Mejia
Batting: LHB Chris Kowalski 0-0: Called Strike
0-1: Ball
1-1: Fly out, F7 (Flyball, 7LS, EV 85.6 MPH)
Batting: RHB Danny Adams 0-0: Called Strike
0-1: Ball
1-1: Ball
2-1: Fly out, F9 (Flyball, 9D, EV 102.5 MPH)
Top of the 8th over - 0 runs, 2 hits, 0 errors, 2 left on base; Winnipeg 7 - Medford 4
BOTTOM OF THE 8TH
Medford Alouettes batting - Pitching for Winnipeg Goldeyes : RHP T.J. Campbell
Batting: RHB Peter Pinard 0-0: Called Strike
0-1: Called Strike
0-2: Foul Ball, location: 5F
0-2: Strikes out swinging
Batting: RHB Brandon Murray 0-0: Called Strike
0-1: Swinging Strike
0-2: Foul Ball, location: 2F
0-2: Ball
1-2: Ball
2-2: Ground out 5-3 (Groundball, 56, EV 88.8 MPH)
Batting: RHB Zion Cummings 0-0: Called Strike
0-1: Called Strike
0-2: Strikes out swinging
Bottom of the 8th over - 0 runs, 0 hits, 0 errors, 0 left on base; Winnipeg 7 - Medford 4
TOP OF THE 9TH
Winnipeg Goldeyes batting - Pitching for Medford Alouettes : RHP Jordan Mejia
Batting: RHB Tom Holloway 0-0: Called Strike
0-1: Swinging Strike
0-2: Foul Ball, location: 5DF
0-2: Strikes out swinging
Batting: SHB Joey McClintick 0-0: DOUBLE (Line Drive, 9LS, EV 104.4 MPH)
Batting: RHB Roland Bitts 0-0: Called Strike
0-1: Ball
1-1: Ball
2-1: Ground out 6-3 (Groundball, 6, EV 83.8 MPH)
Batting: SHB Juan Iturralde 0-0: Fly out, F8 (Line Drive, 8RM, EV 83.1 MPH)
Top of the 9th over - 0 runs, 1 hit, 0 errors, 1 left on base; Winnipeg 7 - Medford 4
BOTTOM OF THE 9TH
Medford Alouettes batting - Pitching for Winnipeg Goldeyes : RHP T.J. Campbell
Batting: RHB Allen Woodall 0-0: Called Strike
0-1: Called Strike
0-2: Ball
1-2: Foul Ball, location: 23F
1-2: Foul Ball, location: 3DF
1-2: Ball
2-2: Ball
3-2: Base on Balls
Batting: LHB Danny Adame 0-0: Ball
1-0: Called Strike
1-1: Called Strike
1-2: Foul Ball, location: 2F
1-2: Foul Ball, location: 2LF
1-2: Strikes out looking
Pitching: RHP John Bradley
Batting: RHB Pablo Felix 0-0: Fly out, F9 (Flyball, 89S, EV 78.1 MPH)
Batting: RHB Chris Armstrong 0-0: Ball
1-0: Called Strike
1-1: Foul Ball, location: 9LDF
1-2: Strikes out swinging
Bottom of the 9th over - 0 runs, 0 hits, 0 errors, 1 left on base; Winnipeg 7 - Medford 4
Saturday, April 6th , 2024 - OOTP Baseball 24.11 Build 85